 Dungeon Crawl Stone Soup version 0.29.0-7-g18a832c13a (webtiles) character file.

Game seed: 16576092602209731144

147 ytrimaz the Insei (level 5, -2/49 HPs)
             Began as an Octopode Transmuter on Aug 30, 2022.
             Slain by an orc
             ... wielding a +0 war axe
              (6 damage)
             ... on level 3 of the Dungeon.
             The game lasted 00:03:22 (2448 turns).

ytrimaz the Insei (Octopode Transmuter)             Turns: 2448, Time: 00:03:22

Health: -2/49      AC: 22    Str:  9    XL:     5   Next: 29%
Magic:  8/9        EV:  2    Int: 17    God:
Gold:   98         SH:  0    Dex: 13    Spells: 3/9 levels left

rFire   . . .      SeeInvis .     - Unarmed
rCold   . . .      Faith    .   (no shield)
rNeg    . . .      Spirit   .   (helmet currently unavailable)
rPois   +          Reflect  .   (no amulet)
rElec   .          Harm     .   (no ring)
rCorr   .          Rampage  .   (no ring)
Will    .....      NoTele   +   (no ring)
Stlth   +.........              (no ring)
HPRegen 0.16/turn               (no ring)
MPRegen 0.11/turn               (no ring)
                                (no ring)
                                (no ring)

@: tree-form
A: stationary, stasis, torment immunity, boosted hp, almost no armour,
(amphibious), 8 rings, (camouflage 1), (gelatinous body 1), (nimble swimmer 1),
(tentacles)
a: no special abilities


You were on level 3 of the Dungeon.
You were a tree.
You visited 1 branch of the dungeon, and saw 3 of its levels.

You collected 98 gold pieces.

Inventory:

Scrolls
 k - a scroll of torment
Potions
 b - 3 potions of brilliance
 h - a potion of attraction
 i - a potion of cancellation


   Skills:
 - Level 1.0 Fighting
 - Level 2.1 Dodging
 - Level 4.0 Unarmed Combat
 + Level 2.7 Spellcasting
 + Level 2.8 Transmutations
 * Level 3.1 Poison Magic


You had 3 spell levels left.
You knew the following spells:

 Your Spells              Type           Power      Damage    Failure   Level
a - Beastly Appendage     Tmut           22%        N/A       6%          1
b - Wereblood             Tmut           11%        N/A       9%          2
c - Spider Form           Tmut/Pois      12%        N/A       16%         3

Your spell library contained the following spells:

 Spells                   Type           Power      Damage    Failure   Level
 Ice Form                 Ice/Tmut       7%         N/A       71%         4


Dungeon Overview and Level Annotations

Branches:
Dungeon (3/15)

Altars:

Shops:
D:3 [*


Innate Abilities, Weirdness & Mutations

You are a tree.
Your roots penetrate the ground, keeping you stationary.
You cannot be teleported.
You are immune to unholy pain and torment.
Your maximum health is greatly increased.
You cannot wear most types of armour.
((You are amphibious.))
You can wear up to eight rings at the same time.
((Your skin changes colour to match your surroundings (Stealth+).))
((Your rubbery body absorbs attacks. (AC +1, EV +1)))
((You are camouflaged when in or above water. (Stealth+)))
((You have tentacles for arms and can constrict up to eight enemies at once.))


Message History

You feel sick. The adder bites you but does no damage.
You hit the adder.
You kill the adder!
You feel sick.
You cannot move.
You feel sick.
You feel sick.
You feel sick.
You are too injured to fight recklessly!
You are too injured to fight recklessly!
You hit the orc wizard.
The orc wizard is lightly wounded.
You feel sick.
The orc wizard hits you but does no damage.
The orc hits you but does no damage.
You barely miss the orc wizard.
The orc wizard is lightly wounded.
You feel sick.
The orc wizard hits you but does no damage.
The orc barely misses you.
You are too injured to fight recklessly!
Unknown command.
You hit the orc wizard.
The orc wizard is moderately wounded.
You feel sick. The orc hits you but does no damage.
The orc wizard hits you with a +0 dagger.
* * * LOW HITPOINT WARNING * * *
You are too injured to fight recklessly!
You smack the orc wizard!
You punch the orc wizard.
The orc wizard is almost dead.
You feel sick.
You are no longer poisoned.
The orc wizard hits you but does no damage.
The orc hits you with a +0 war axe!
* * * LOW HITPOINT WARNING * * *
You hit the orc wizard but do no damage.
The orc wizard is almost dead.
The orc wizard hits you but does no damage.
The orc hits you with a +0 war axe.
You die...

+.......... #..........
#.......?.. #.......... #
#.......... #. #.......o..
#.##..o..o.o..
.#.....o################
.......o♣....##∩.......#
.....................#.#
#....................#.#
+....................#.#
#........8...##.######.#
#...####+.#####.# #.#
#.#.###..8<∩.8.##.######.#
#.......##..#...#......#.#
###.###.##.8#.#.######.#.#


You could see an orc wizard and 2 orcs.

Vanquished Creatures
  An iguana (D:3)
  Robin (D:2)
  3 gnolls (D:2)
  3 adders
  A dart slug (D:1)
  6 ball pythons
  4 bats (D:1)
  2 endoplasms (D:1)
  A giant cockroach (D:1)
  10 goblins
  8 hobgoblins
  2 kobolds
  A quokka (D:2)
  A frilled lizard (D:2)
  4 rats
48 creatures vanquished.

Notes
Turn   | Place    | Note
-------+----------+-------------------------------------------
     0 | D:1      | ytrimaz the Octopode Transmuter began the quest for the
                  | Orb.
     0 | D:1      | Reached XP level 1. HP: 13/13 MP: 3/3
     0 | D:1      | Noticed an ogre
     4 | D:1      | Noticed a vine stalker
     4 | D:1      | Noticed a minotaur zombie
     6 | D:1      | Noticed a troll
     9 | D:1      | Noticed a minotaur zombie
    11 | D:1      | Noticed a draconian
    13 | D:1      | Noticed a merfolk zombie
    15 | D:1      | Noticed a gargoyle
    17 | D:1      | Noticed a merfolk
   367 | D:1      | Reached XP level 2. HP: 18/18 MP: 3/5
   710 | D:1      | Found a faded altar of an unknown god.
  1215 | D:2      | Reached skill level 4 in Unarmed Combat
  1231 | D:2      | Reached XP level 3. HP: 23/23 MP: 6/6
  1234 | D:2      | Learned a level 2 spell: Wereblood
  1238 | D:2      | Learned a level 3 spell: Spider Form
  1371 | D:2      | Reached skill level 1 in Poison Magic
  1458 | D:2      | Noticed Robin
  1475 | D:2      | Killed Robin
  1476 | D:2      | Reached XP level 4. HP: 27/28 MP: 5/7
  2236 | D:3      | Noticed a water moccasin
  2294 | D:3      | Found Yqacaol's Antique Armour Boutique.
  2302 | D:3      | Found Xeomicui's Assorted Antiques.
  2339 | D:3      | Reached XP level 5. HP: 26/33 MP: 4/9
  2448 | D:3      | Slain by an orc

Illustrated notes

Levels and vault maps discovered:
D:1:      shiori_arrival_whats_in_store_for_you, layout_loops_ring,
          basic_ecumenical_altar, minmay_hexomino_f4
D:2:      layout_basic, uniq_robin
D:3:      layout_basic, serial_shops, nicolae_shop_statue_plus, shop, shop,
          shop_coins, shop, uniq_sigmund

Skill      XL: |  1  2  3  4 |
---------------+-------------+-----
Unarmed Combat | 4 |  4.0
Poison Magic   | 1 3 |  3.1
Fighting       | |  1.0
Dodging        | |  2.1
Spellcasting   | |  2.7
Transmutations | |  2.8

Action                   |  1- 3 |  4- 6 || total
-------------------------+-------+-------++-------
Melee: Unarmed           |    63 |    46 ||   109
       Kick              |    14 |     3 ||    17
       Constrict         |    17 |     4 ||    21
       Tentacles         |    10 |     1 ||    11
       Punch             |     1 |     2 ||     3
 Cast: Beastly Appendage |    18 |     2 ||    20
       Wereblood         |     1 |       ||     1
       Spider Form       |       |     3 ||     3
  Use: Scroll            |     2 |     6 ||     8
       Potion            |     1 |     4 ||     5
 Stab: Sleeping          |     3 |     1 ||     4
Armor: Skin              |    14 |    22 ||    36
Dodge: Dodged            |    49 |    18 ||    67
